 Dungeon Crawl Stone Soup version 0.29.1-2-gbd0b4ee654 (webtiles) character file.

Game seed: 14259709208705383063

2562 qeuew the Skirmisher (level 9, 0/59 HPs)
             Began as a Tengu Hunter on Nov 15, 2022.
             Was a Follower of Dithmenos.
             Slain by a scorpion (5 damage)
             ... on level 7 of the Dungeon.
             The game lasted 00:09:26 (5288 turns).

qeuew the Skirmisher (Tengu Hunter)                 Turns: 5288, Time: 00:09:26

Health: 0/59       AC:  7    Str: 15    XL:     9   Next: 56%
Magic:  0/10       EV: 24    Int:  9    God:    Dithmenos [*.....]
Gold:   482        SH:  0    Dex: 19    Spells: 8/8 levels left

rFire   . . .      SeeInvis .   o - +2 hand axe (elec)
rCold   . . .      Faith    .   (no shield)
rNeg    . . .      Spirit   +   q - +1 troll leather armour {Pargi}
rPois   .          Reflect  .   b - +1 hat
rElec   .          Harm     .   (no cloak)
rCorr   .          Rampage  .   (no gloves)
Will    .....                   (boots unavailable)
Stlth   ++........              r - amulet of guardian spirit
HPRegen 0.99/turn               m - +4 ring of evasion
MPRegen 0.12/turn               (no ring)

@: lethally poisoned (0 -> -1), flying quickly and evasively, wreathed by umbra,
quick
A: beak, talons 3, nimble flight
a: Renounce Religion


You were on level 7 of the Dungeon.
You worshipped Dithmenos.
Dithmenos was aware of your devotion.
You visited 1 branch of the dungeon, and saw 7 of its levels.
You also visited: Sewer.

You collected 482 gold pieces.

Inventory:

Hand Weapons
 a - a +1 shortbow
 o - a +2 hand axe of electrocution (weapon)
Armour
 b - a +1 hat (worn)
 q - a +1 troll leather armour (worn) {Pargi}
Jewellery
 m - a +4 ring of evasion (left hand)
 r - an amulet of guardian spirit (around neck)
Wands
 e - a wand of paralysis (13)
 j - a wand of polymorph (8)
 n - a wand of roots (8)
Scrolls
 c - 5 scrolls of enchant armour
 g - a scroll of fog
 i - 3 scrolls of magic mapping
 s - a scroll of amnesia {unknown}
 t - a scroll of identify
Potions
 d - 2 potions of brilliance
 f - 2 potions of haste
 h - 2 potions of heal wounds
 k - a potion of curing
 l - 2 potions of might
 p - 2 potions of magic


   Skills:
 + Level 8.0 Fighting
 + Level 1.5 Axes
 + Level 9.6 Ranged Weapons
 + Level 8.3 Armour
 + Level 8.7 Dodging
 - Level 1.1 Stealth
 + Level 1.8 Evocations


You had 8 spell levels left.
You didn't know any spells.
Your spell library contained the following spells:

 Spells                   Type           Power      Damage    Failure   Level
 Sting                    Tmut/Pois      0%         1d3       43%         1
 Summon Small Mammal      Summ           0%         N/A       43%         1
 Sublimation of Blood     Necr           0%         N/A       58%         2
 Call Canine Familiar     Summ           0%         N/A       82%         3
 Mephitic Cloud           Conj/Pois/Air  0%         N/A       82%         3
 Summon Guardian Golem    Hex/Summ       0%         N/A       82%         3
 Hailstorm                Conj/Ice       0%         3d3       99%         4
 Ice Form                 Ice/Tmut       0%         N/A       99%         4
 Alistair's Intoxication  Tmut/Pois      0%         N/A       100%        5
 Borgnjor's Vile Clutch   Necr/Erth      0%         N/A       100%        5
 Eringya's Noxious Bog    Tmut/Pois      0%         N/A       100%        6
 Simulacrum               Ice/Necr       0%         N/A       100%        6
 Infestation              Necr           0%         N/A       100%        8


Dungeon Overview and Level Annotations

Branches:
Dungeon (7/15)             Temple (0/1) D:6           Sewer (visited)

Altars:
Cheibriados
Dithmenos
Hepliaklqana
Makhleb
Qazlal
Ru
Sif Muna
Wu Jian

Annotations:
D:5 2 transporters


Innate Abilities, Weirdness & Mutations

You have a beak for a mouth.
You have claws for feet.
Your magical nature lets you fly swiftly and evasively.


Message History

You hit the scorpion.
You feel very sick. The gargoyle hits you with a +0 mace!
The scorpion completely misses you. The scorpion stings you.
The gargoyle closely misses you.
You are too injured to fight recklessly!
You are too injured to fight recklessly!
You are too injured to fight recklessly!
You are too injured to fight recklessly!
You are too injured to fight recklessly!
You are too injured to fight recklessly!
You are too injured to fight recklessly!
You are too injured to fight recklessly!
You are too injured to fight recklessly!
You are too injured to fight recklessly!
Unknown command.
You barely miss the gargoyle.
You claw the gargoyle, but do no damage.
You peck the gargoyle.
The gargoyle is severely damaged.
You hit the scorpion.
You feel sick. The scorpion misses you. The gargoyle misses you.
You hit the gargoyle but do no damage.
The gargoyle is severely damaged.
You hit the scorpion but do no damage.
You feel sick. The scorpion completely misses you.
The gargoyle hits you with a +0 mace. The scorpion misses you.
You hit the gargoyle but do no damage.
You claw the gargoyle, but do no damage.
The gargoyle is severely damaged.
You barely miss the scorpion.
You feel sick. The gargoyle misses you. The scorpion completely misses you.
You hit the gargoyle but do no damage.
You peck the gargoyle, but do no damage.
The gargoyle is severely damaged.
You hit the scorpion.
You feel sick. The gargoyle hits you with a +0 mace!!
* * * LOW HITPOINT WARNING * * *
The scorpion barely misses you.
The gargoyle hurls a stone arrow at you.
The stone arrow misses you. The scorpion stings you.
You die...

..................
..................
.................
....................
.....#..............
.......##.............
........#....s.9......
#.......##....@....... #
#....#....#####......
####....#.....# .....
...##........## ....
.............# ...
♣♣♣♣♣♣♣♣♣....####.......
........♣............ ..
.≈≈≈≈≈≈≈.♣.........#.##..
≈..≈≈≈..≈♣#..............


You could see a gargoyle and a scorpion.

Vanquished Creatures
  Sigmund (D:4)
  A wyvern (D:7)
  Eustachio (D:4)
  An acid dragon (D:5)
  A water moccasin (D:4)
  Pargi (Sewer)
  2 black bears (D:7)
  3 ice beasts
  2 phantoms
  A bullfrog (D:6)
  A kobold brigand (D:6)
  A scorpion (D:7)
  A howler monkey (D:6)
  6 hounds
  An orc priest (D:6)
  2 jellies (D:5)
  2 gnoll boudas (D:6)
  5 iguanas
  2 orc wizards
  10 gnolls (D:6)
  4 adders
  2 dart slugs (D:1)
  11 orcs
  6 ball pythons
  6 endoplasms
  5 giant cockroaches
  6 goblins
  7 hobgoblins
  6 jackals
  10 kobolds
  7 quokkas
  6 bats
  9 frilled lizards
  5 rats
135 creatures vanquished.

Vanquished Creatures (others)
  4 fungi (D:6)
4 creatures vanquished.

Grand Total: 139 creatures vanquished

Notes
Turn   | Place    | Note
-------+----------+-------------------------------------------
     0 | D:1      | qeuew the Tengu Hunter began the quest for the Orb.
     0 | D:1      | Reached XP level 1. HP: 12/12 MP: 2/2
    56 | D:1      | Noticed a golden eye
    57 | D:1      | Found a faded altar of an unknown god.
    59 | D:1      | Noticed an eye of devastation
    59 | D:1      | Noticed a floating eye
    59 | D:1      | Noticed a great orb of eyes
   175 | D:1      | Reached XP level 2. HP: 17/17 MP: 3/3
   508 | D:1      | Reached skill level 1 in Armour
   746 | D:1      | Reached XP level 3. HP: 22/22 MP: 4/4
  1070 | D:2      | Found a snail-covered altar of Cheibriados.
  1765 | D:3      | Reached XP level 4. HP: 25/27 MP: 5/5
  1788 | D:3      | Found a sacrificial altar of Ru.
  1998 | D:3      | Reached skill level 5 in Ranged Weapons
  2262 | D:3      | Gained mutation: Your magical nature lets you fly swiftly
                  | and evasively. [Tengu growth]
  2262 | D:3      | Reached XP level 5. HP: 32/32 MP: 6/6
  2264 | D:3      | Found a hazy altar of Hepliaklqana.
  2497 | D:4      | Found a glowing drain.
  2527 | Sewer    | Entered a sewer
  2609 | Sewer    | Noticed Pargi
  2687 | Sewer    | Killed Pargi
  2688 | Sewer    | Reached XP level 6. HP: 21/37 MP: 7/7
  2890 | Sewer    | Reached skill level 8 in Ranged Weapons
  2890 | Sewer    | Reached XP level 7. HP: 48/48 MP: 8/8
  3034 | D:4      | Noticed Eustachio
  3082 | D:4      | Noticed Sigmund
  3109 | D:3      | Reached skill level 9 in Ranged Weapons
  3232 | D:4      | Killed Eustachio
  3240 | D:4      | Killed Sigmund
  3241 | D:4      | Reached XP level 8. HP: 47/53 MP: 9/9
  3570 | D:5      | Entered Level 5 of the Dungeon
  3577 | D:5      | Found a shadowy altar of Dithmenos.
  3681 | D:5      | Became a worshipper of Dithmenos the Shadowed
  3793 | D:5      | Found a stormy altar of Qazlal.
  3960 | D:5      | Found a transporter.
  4017 | D:5      | Found a transporter.
  4084 | D:5      | Found an ornate altar of the Wu Jian Council.
  4184 | D:6      | Identified the +1 robe of the Lost Path {Dex+8}
  4233 | D:6      | Found a staircase to the Ecumenical Temple.
  4294 | D:6      | Got the Monograph on Evil Contamination
  4317 | D:6      | Reached * piety under Dithmenos
  4449 | D:6      | Reached XP level 9. HP: 58/58 MP: 10/10
  4654 | D:6      | Reached skill level 1 in Evocations
  4776 | D:6      | Found a shimmering blue altar of Sif Muna.
  4820 | D:6      | Identified the +5 spear "Conservator" {flame, Fragile rPois
                  | Dex+5}
  5074 | D:7      | Reached skill level 1 in Axes
  5081 | D:7      | Found a burning altar of Makhleb.
  5255 | D:7      | Noticed a gargoyle
  5288 | D:7      | Slain by a scorpion

Illustrated notes

Levels and vault maps discovered:
D:1:      lightli_arrival_quake, layout_basic,
          hellmonk_ecumenical_altar_watching_god, kennysheep_minor_cross,
          minmay_indecisive_spiral
D:2:      layout_loops_ring, basic_altar
D:3:      minmay_angry_zag, layout_basic, nicolae_ru_sacrificial_ziggurat,
          nicolae_hepliaklqana_hazy_memory, serial_aquarium,
          aquarium_bridge_square [aquarium_subvault_window,
          aquarium_subvault_window, aquarium_subvault_bridge,
          aquarium_subvault_window], aquarium_bridge_square
          [aquarium_subvault_bridge, aquarium_subvault_wall,
          aquarium_subvault_balcony, aquarium_subvault_wall], aquarium_window_1,
          aquarium_window_corridor_2, aquarium_window_1, aquarium_window_corner,
          aquarium_view_2e, aquarium_balcony_3a
D:4:      layout_basic, portal_sewer_entry_f, uniq_eustachio, uniq_sigmund
D:5:      gammafunk_cloud_chamber, layout_basic, marbit_many_paths,
          nzn_wu_jian_council_hall, mainiacjoe_overflow_tiny_flanked
D:6:      layout_cave_pods, mainiacjoe_overflow_cross_hatched,
          minmay_temple_entry_mini_moons, nicolae_concentric_dashed_squares_mild
D:7:      layout_cave_pools, mainiacjoe_overflow_paths, gammafunk_ghost_grave,
          uniq_menkaure, uniq_prince_ribbit1

Skill      XL: |  1  2  3  4  5  6  7  8  9 |
---------------+----------------------------+-----
Armour         | 1 2 7 8 |  8.3
Dodging        | 3 7 8 |  8.7
Ranged Weapons | 5 8 9 |  9.6
Fighting       | 3 7 8 |  8.0
Evocations     | 1 |  1.8
Axes           | 1 |  1.5
Stealth        | |  1.1

Action                   |  1- 3 |  4- 6 |  7- 9 || total
-------------------------+-------+-------+-------++-------
Melee: Hand axe          |       |       |    10 ||    10
       Kick              |       |       |     6 ||     6
       Peck              |       |       |     6 ||     6
 Fire: Shortbow          |    99 |   145 |   328 ||   572
  Use: Scroll            |     7 |     5 |     5 ||    17
       Potion            |     2 |     3 |     3 ||     8
Armor: Leather armour    |     6 |    21 |       ||    27
       Troll leather arm |       |       |    34 ||    34
Dodge: Dodged            |    42 |   113 |   348 ||   503
